 Dungeon Crawl Stone Soup version 0.29-a0-542-g075992c915 (webtiles) character file.

Game seed: 16593891804156766645

19275 Gargoyl the Protected (level 12, -1/76 HPs)
             Began as a Gargoyle Berserker on June 4, 2022.
             Was a Priest of Trog.
             Slain by a frost giant
             ... wielding a +1 battleaxe of freezing
              (22 damage)
             ... in an ice cave.
             The game lasted 00:18:50 (13141 turns).

Gargoyl the Protected (Gargoyle Berserker)         Turns: 13141, Time: 00:18:52

Health: -1/76      AC: 38    Str: 27    XL:     12   Next: 67%
Magic:  12/12      EV:  6    Int:  9    God:    Trog [***...]
Gold:   1083       SH: 11    Dex: 13    Spells: 11/11 levels left

rFire   . . .      SeeInvis +   H - +4 war axe
rCold   + . .      Faith    .   i - +0 kite shield {reflect}
rNeg    + . .      Spirit   .   N - +2 crystal plate armour {rC+}
rPois   ∞          Reflect  +   q - +2 hat
rElec   +          Harm     .   (no cloak)
rCorr   .          Rampage  .   f - +2 pair of gloves
Will    .....                   e - +0 pair of boots
Stlth   ..........              n - amulet of regeneration
HPRegen 1.02/turn               d - ring of see invisible
MPRegen 0.13/turn               J - +6 ring of strength

@: on berserk cooldown, slowed, very slow
A: sickness immunity, AC +8, negative energy resistance 1, electricity
resistance, torment resistance 1, petrification resistance
a: Renounce Religion, Berserk, Trog's Hand


You were in an ice cave.
You worshipped Trog.
Trog was most pleased with you.
You visited 1 branch of the dungeon, and saw 11 of its levels.
You also visited: Bailey and Ice Cave.

You collected 1278 gold pieces.
You spent 195 gold pieces at shops.

Inventory:

Hand Weapons
 a - a +1 hand axe
 k - a +2 whip of venom
 x - a +4 long sword of freezing
 z - a +5 trident
 H - a +4 war axe (weapon)
Missiles
 j - a throwing net
 t - 24 poisoned darts
Armour
 e - a +0 pair of boots (worn)
 f - a +2 pair of gloves (worn)
 i - a +0 kite shield of reflection (worn)
 q - a +2 hat (worn)
 N - a +2 crystal plate armour of cold resistance (worn)
Jewellery
 d - a ring of see invisible (left hand)
 n - an amulet of regeneration (around neck)
 v - a +6 ring of dexterity
 G - a +4 ring of slaying
 J - a +6 ring of strength (right hand)
 K - a ring of flight
 L - a ring of resist corrosion
Wands
 p - a wand of flame (10)
 w - a wand of iceblast (12)
 M - a wand of acid (6)
Scrolls
 h - 2 scrolls of identify
 r - 3 scrolls of teleportation
 u - 3 scrolls of fog
 y - 3 scrolls of summoning
 B - a scroll of blinking
 C - 3 scrolls of fear
 O - a scroll of enchant weapon
Potions
 b - 6 potions of flight
 c - 5 potions of lignification
 g - a potion of might
 l - 3 potions of magic
 m - 5 potions of curing
 o - 2 potions of resistance
 D - a potion of ambrosia
 E - 2 potions of invisibility
 F - a potion of cancellation
 I - 2 potions of haste
Miscellaneous
 s - a piece from Xom's chessboard (15/15) (quivered)


   Skills:
 + Level 9.1 Fighting
 + Level 7.3(9.4) Axes
 + Level 10.0(11.2) Maces & Flails
 + Level 1.4 Throwing
 + Level 10.2 Armour
 + Level 4.9 Dodging
 + Level 2.0 Stealth
 + Level 8.9 Shields
 * Level 4.8 Evocations


You had 11 spell levels left.
You didn't know any spells.
Your spell library was empty.

Dungeon Overview and Level Annotations

Branches:
Dungeon (11/15)            Temple (0/1) D:7            Lair (0/6) D:11
    Orc (0/2) D:10         Bailey (visited)           IceCv (1/1)

Altars:
Dithmenos
Elyvilon
Gozag
Hepliaklqana
Kikubaaqudgha
Makhleb
Qazlal
Sif Muna
Trog
Uskayaw
Xom
Yredelemnul

Shops:
D:4 *?[[(


Innate Abilities, Weirdness & Mutations

You are immune to sickness and miasma.
Your stone body is resilient. (AC +8)
You are immune to poison.
You resist negative energy. (rN+)
You are resistant to electric shocks. (rElec)
You are resistant to unholy torment.
You are immune to petrification.


Message History

You are no longer berserk.
You are exhausted.
You feel yourself slow down.
The frost giant hits you but does no damage.
You slice the frost giant!!
The frost giant is severely wounded.
The frost giant hits you but does no damage.
The frost giant points at you and mumbles some strange words.
The bolt of cold hits you! You resist.
You hit the frost giant but do no damage.
The frost giant is severely wounded.
The frost giant hits you but does no damage.
You slash the frost giant!
The frost giant is severely wounded.
You block the frost giant's attack.
The frost giant hits you with a +1 battleaxe of freezing.
You hit the frost giant but do no damage.
The frost giant is severely wounded.
The polar bear rages.
The frost giant hits you with a +1 battleaxe of freezing!
The frost giant freezes you.
The frost giant hits you with a +1 battleaxe of freezing!
The frost giant freezes you.
The yak snorts and paws the ground.
You hit the frost giant but do no damage.
The frost giant is severely wounded.
The polar bear rages.
You block the frost giant's attack. x2
Unknown command.
You feel much better.
The frost giant hits you with a +1 battleaxe of freezing!
The frost giant freezes you.
You slash the frost giant!
The frost giant is severely wounded.
The polar bear rages.
The frost giant points at you and mumbles some strange words.
The bolt of cold hits you! You resist.
* * * LOW HITPOINT WARNING * * *
The frost giant hits you with a +1 battleaxe of freezing!!
You die... ..# #..## ....# #.... hYY#

##hY#
#hh#
#C#
#@##
##.#
##.#
#..#
#.##
#.##
##.###
#.#.##
#....#
≈.##


You could see a frost giant, 3 polar bears, 3 yaks and a wolf.

Vanquished Creatures
  A boulder beetle (D:8)
  8 death yaks
  Pikel (D:7)
  An orc knight (Bailey)
  3 deep elf pyromancers
  An ice statue (IceCv)
  A tengu conjurer (D:8)
  2 trolls
  3 polar bears (IceCv)
  Prince Ribbit (D:7)
  4 wraiths
  25 yaks
  3 wyverns
  A steam dragon (D:9)
  Menkaure (D:7)
  Edmund (D:6)
  2 acid dragons (D:8)
  A water moccasin (D:8)
  10 orc warriors
  A black bear (D:4)
  3 ice beasts
  An ogre (D:6)
  2 centaurs
  10 wolves (IceCv)
  A lemure (D:7)
  2 phantoms
  2 kobold brigands
  A bullfrog (D:8)
  3 necrophages
  A gnoll sergeant (D:8)
  A scorpion (D:6)
  12 wights
  7 killer bees
  A howler monkey (D:8)
  3 hounds
  2 gnoll shamans (D:8)
  3 jellies
  An orc priest (D:8)
  2 hell rats (D:11)
  6 iguanas
  10 orc wizards
  7 gnolls
  9 adders
  2 river rats (D:11)
  A shadow imp (D:5)
  2 white imps
  A worm (D:2)
  2 dart slugs (D:2)
  41 orcs
  6 bats
  5 endoplasms
  3 giant cockroaches (D:3)
  7 goblins
  5 hobgoblins
  4 jackals (D:1)
  4 quokkas
  8 ball pythons
  3 frilled lizards
  26 kobolds
  4 rats
  A spectral goblin (D:9)
286 creatures vanquished.

Vanquished Creatures (collateral kills)
  A white imp (D:7)
1 creature vanquished.

Vanquished Creatures (others)
  7 bushes (D:8)
  A plant (D:1)
8 creatures vanquished.

Grand Total: 295 creatures vanquished

Notes
Turn   | Place    | Note
-------+----------+-------------------------------------------
     0 | D:1      | Gargoyl the Gargoyle Berserker began the quest for the Orb.
     0 | D:1      | Reached XP level 1. HP: 14/14 MP: 1/1
   217 | D:1      | Found a faded altar of an unknown god.
   238 | D:1      | Reached XP level 2. HP: 15/19 MP: 2/2
   889 | D:1      | Reached XP level 3. HP: 23/23 MP: 3/3
  1345 | D:2      | Reached ** piety under Trog
  1727 | D:2      | Reached XP level 4. HP: 29/29 MP: 4/4
  2680 | D:3      | Reached XP level 5. HP: 32/33 MP: 5/5
  3164 | D:4      | Found Jeeschof's Antique Weapon Emporium.
  3208 | D:4      | Reached skill level 1 in Maces & Flails
  3323 | D:4      | Noticed a black bear
  3340 | D:4      | Killed a black bear
  3341 | D:4      | Reached XP level 6. HP: 38/38 MP: 6/6
  3373 | D:4      | Found Atrolax's Magic Scroll Shoppe.
  3506 | D:4      | Found Ixtaib's Armour Boutique.
  3542 | D:4      | Bought a +0 kite shield for 49 gold pieces
  3644 | D:4      | Found Tigagi's General Store.
  3647 | D:4      | Bought a scroll of teleportation for 36 gold pieces
  3843 | D:4      | Found Reblyesm's Armour Shop.
  3850 | D:4      | Bought a +0 kite shield of reflection for 110 gold pieces
  3990 | D:5      | Entered Level 5 of the Dungeon
  4105 | D:5      | Reached skill level 1 in Stealth
  4133 | D:5      | Reached XP level 7. HP: 34/43 MP: 7/7
  4822 | D:6      | Noticed Edmund
  4841 | D:6      | Killed Edmund
  4842 | D:6      | Reached skill level 5 in Armour
  4842 | D:6      | Reached skill level 1 in Shields
  5016 | D:6      | Reached XP level 8. HP: 41/48 MP: 8/8
  5196 | D:6      | Reached skill level 5 in Maces & Flails
  5432 | D:6      | Noticed a yak
  5433 | D:6      | Noticed a yak
  5443 | D:6      | Noticed a yak
  5444 | D:6      | Killed a yak
  5445 | D:6      | Reached skill level 5 in Fighting
  5445 | D:6      | Noticed a yak
  5447 | D:6      | Noticed a yak
  5454 | D:6      | Killed a yak
  5459 | D:6      | Killed a yak
  5460 | D:6      | Reached skill level 1 in Throwing
  5460 | D:6      | Reached XP level 9. HP: 54/54 MP: 9/9
  5541 | D:6      | You fall into a shaft and drop 2 floors!
  5543 | D:8      | Noticed a troll
  5557 | D:8      | Reached *** piety under Trog
  5572 | D:8      | Killed a troll
  5764 | D:8      | Noticed a deep elf pyromancer
  5764 | D:8      | Noticed a boulder beetle
  5970 | D:7      | Found a staircase to the Ecumenical Temple.
  5980 | D:7      | Noticed Menkaure
  5982 | D:7      | Noticed Prince Ribbit
  5997 | D:7      | Killed Menkaure
  6003 | D:7      | Killed Prince Ribbit
  6214 | D:7      | Reached skill level 5 in Shields
  6220 | D:7      | Reached XP level 10. HP: 42/61 MP: 10/10
  6511 | D:7      | Noticed Pikel
  6532 | D:7      | Killed Pikel
  7181 | D:8      | Found a shimmering altar of Xom.
  7941 | D:9      | Found a shimmering blue altar of Sif Muna.
  8532 | D:9      | Killed a deep elf pyromancer
  8840 | D:8      | Noticed a deep elf pyromancer
  8849 | D:8      | Killed a boulder beetle
  8850 | D:8      | Reached XP level 11. HP: 54/68 MP: 11/11
  9183 | D:8      | Killed a deep elf pyromancer
  9223 | D:8      | Noticed a deep elf pyromancer
  9247 | D:8      | Killed a deep elf pyromancer
  9758 | D:9      | Found a hazy altar of Hepliaklqana.
  9851 | D:9      | Found a white marble altar of Elyvilon.
  9852 | D:9      | Found a hide-covered altar of Uskayaw.
  9859 | D:9      | Found an opulent altar of Gozag.
  9862 | D:9      | Found a bloodstained altar of Trog.
  9862 | D:9      | Found a stormy altar of Qazlal.
  9869 | D:9      | Found an ancient bone altar of Kikubaaqudgha.
  9870 | D:9      | Found a basalt altar of Yredelemnul.
 10022 | D:10     | Entered Level 10 of the Dungeon
 10078 | D:10     | Reached skill level 1 in Evocations
 10173 | D:10     | Found a flagged portal.
 10187 | Bailey   | Entered a bailey
 10194 | Bailey   | Noticed an orc knight
 10345 | Bailey   | Killed an orc knight
 10818 | D:10     | Found a shadowy altar of Dithmenos.
 10859 | D:10     | Reached skill level 10 in Maces & Flails
 10882 | D:10     | Found a burning altar of Makhleb.
 11139 | D:10     | Reached **** piety under Trog
 11245 | D:10     | Found a staircase to the Orcish Mines.
 11750 | D:11     | Noticed a death yak
 11751 | D:11     | Found a staircase to the Lair.
 11751 | D:11     | Noticed a death yak
 11758 | D:11     | Noticed a death yak
 11772 | D:11     | Killed a death yak
 11773 | D:11     | Reached skill level 5 in Axes
 12011 | D:11     | Killed a death yak
 12016 | D:11     | Killed a death yak
 12017 | D:11     | Reached XP level 12. HP: 24/75 MP: 12/12
 12041 | D:11     | Found a frozen archway.
 12054 | IceCv    | Entered an ice cave
 12275 | IceCv    | Noticed a death yak
 12276 | IceCv    | Noticed a death yak
 12278 | IceCv    | Noticed a death yak
 12287 | IceCv    | Killed a death yak
 12289 | IceCv    | Killed a death yak
 12295 | IceCv    | Killed a death yak
 12722 | IceCv    | Reached skill level 10 in Armour
 13108 | IceCv    | Noticed a frost giant
 13108 | IceCv    | Noticed a death yak
 13108 | IceCv    | Noticed a death yak
 13124 | IceCv    | Killed a death yak
 13128 | IceCv    | Killed a death yak
 13141 | IceCv    | Slain by a frost giant

Illustrated notes

Levels and vault maps discovered:
D:1:      erik_arrival_blinker_ship, layout_basic,
          chequers_ecumenical_altar_lobes
D:2:      layout_basic
D:3:      layout_rooms, minivault_5
D:4:      layout_loops_ring, serial_shops, nicolae_shop_stone,
          nicolae_shop_hallway_stairs, nicolae_shop_advertising_works
          [nicolae_subvault_shop_adworks], nicolae_shop_waterfront,
          nicolae_lakefront_shop
D:5:      layout_gridville, grunt_decor_cap
D:6:      layout_loops_ring, general_overflow_altar, hangedman_decor_lopped,
          grunt_ministairs_15, chequers_serial_rivers_micro_e,
          uniq_crazy_yiuf_cottage, uniq_edmund
D:7:      layout_basic, minmay_temple_entry_overgrown, uniq_prince_ribbit1,
          uniq_pikel, uniq_menkaure
D:8:      minmay_klotski, layout_cave_pods, kennysheep_mini,
          small_statue_alley_b, chequers_serial_rivers_small_a
D:9:      layout_roguey, nicolae_overflow_hallway_of_the_gods,
          nicolae_hepliaklqana_monster_ancestors, mainiacjoe_overflow_24_doors,
          minmay_misc_feat_iff
D:10:     layout_basic, lightli_temple_of_fire, grunt_dithmenos_smoke,
          hiddenorc1_lemuel, enter_bailey_2
D:11:     layout_roguey, dpeg_lair_monsters, portal_ice_cave_entry_pillars_1,
          serial_shops, kennysheep_mini_moat
IceCv:    ice_cave_caverns_03

Skill      XL: |  1  2  3  4  5  6  7  8  9 10 11 12 |
---------------+-------------------------------------+-----
Axes           | 3 4 5 7 |  7.3
Dodging        | 2 3 4 |  4.9
Armour         | 3 4 5 6 7 8 9 10 | 10.2
Fighting       | 4 5 6 7 8 9 |  9.1
Maces & Flails | 1 2 4 6 7 9 10 | 10.0
Stealth        | 1 2 |  2.0
Shields        | 1 2 5 7 8 |  8.9
Throwing       | 1 |  1.4
Evocations     | 2 4 |  4.8

Action                   |  1- 3 |  4- 6 |  7- 9 | 10-12 || total
-------------------------+-------+-------+-------+-------++-------
Melee: Hand axe          |   124 |    13 |       |       ||   137
       Punch             |     1 |       |       |       ||     1
       Whip              |       |   135 |   354 |   602 ||  1091
       War axe           |       |       |       |   293 ||   293
Throw: Dart              |       |       |     9 |       ||     9
Invok: Trog's Hand       |       |     2 |     8 |    16 ||    26
       Berserk           |       |     1 |     5 |    15 ||    21
  Use: Scroll            |     4 |    10 |     5 |    11 ||    30
       Potion            |       |     2 |     1 |     2 ||     5
Armor: Animal skin       |    17 |       |       |       ||    17
       Chain mail        |    26 |    88 |   230 |   446 ||   790
       Plate armour      |    51 |    26 |       |       ||    77
       Crystal plate arm |       |       |       |   103 ||   103
Dodge: Dodged            |    75 |    58 |   101 |   303 ||   537
Block: Kite shield       |       |     3 |   140 |   462 ||   605
       Reflection        |       |       |     3 |    14 ||    17

Table legend: (Time is in decaauts)
 A = Elapsed time spent in this place.
 B = Non-inter-level travel time spent in this place.
 C = Inter-level travel time spent in this place.
 D = Time resting spent in this place.
 E = Time spent auto-exploring this place.
 F = Levels seen in this place.
 G = Mean time per level.
                   A        B        C        D        E       F      G
               +--------+--------+--------+--------+--------+-----+--------+
         Total |  13262 |  12781 |    481 |   1544 |   8133 |  13 | 1020.2 |
       Dungeon |  11560 |  11079 |    481 |   1033 |   7440 |  11 | 1050.9 |
        Bailey |    544 |    544 |      0 |    167 |    176 |   1 |  544.0 |
      Ice Cave |   1157 |   1157 |      0 |    344 |    516 |   1 | 1157.0 |
               +--------+--------+--------+--------+--------+-----+--------+

Top non-repeatable levels by time:
     D:8: 2213 daAuts
     D:9: 1375 daAuts
     D:1: 1347 daAuts
   IceCv: 1157 daAuts
     D:2: 1090 daAuts
    D:10: 1002 daAuts
     D:7: 903 daAuts
     D:5: 836 daAuts
     D:4: 832 daAuts
     D:3: 741 daAuts
     D:6: 723 daAuts
  Bailey: 544 daAuts
    D:11: 492 daAuts
